 Dungeon Crawl Stone Soup version 0.30-a0-1160-g6e42c06551 (webtiles) character file.

Game seed: 5309102165225116948

128 Sobieck the Ruffian (level 4, -28/44 HPs)
             Began as a Troll Fighter on Apr 25, 2023.
             Annihilated by an ogre
             ... wielding a +0 giant spiked club
              (32 damage)
             ... on level 3 of the Dungeon.
             The game lasted 00:04:07 (1942 turns).

Sobieck the Ruffian (Troll Fighter)                 Turns: 1942, Time: 00:04:08

Health: -28/44     AC:  4    Str: 24    XL:     4   Next: 86%
Magic:  3/3        EV:  9    Int:  6    God:
Gold:   183        SH:  7    Dex:  9    Spells: 3/3 levels left

rFire   . .          .
                       - Unarmed
rCold   . . .        b - +0 kite shield
rNeg    . . .        a - +0 robe
rPois   .            (helmet restricted)
rElec   .            (no cloak)
rCorr   .            (gloves unavailable)
SInv    .            (boots unavailable)
Will    .....        (no amulet)
Stlth   +            (no ring)
HPRegen 1.07/turn    (no ring)
MPRegen 0.08/turn

%: no passive effects
@: no status effects
A: large, unfitting armour, claws 3, regeneration 1, shaggy fur 1, tough skin 1
a: no special abilities


You were on level 3 of the Dungeon.
You visited 1 branch of the dungeon, and saw 4 of its levels.

You collected 183 gold pieces.


Innate Abilities, Weirdness & Mutations

You are too large for most types of armour.
You have claws for hands.
Your natural rate of healing is unusually fast.
You are covered in fur. (AC +1)
You have tough skin. (AC +1)


   Skills:
 + Level 2.8 Fighting
 + Level 2.8 Dodging
 + Level 3.1 Shields
 * Level 4.1 Unarmed Combat


You had 3 spell levels left.
You didn't know any spells.
Your spell library contained the following spells:

 Spells                   Type           Power      Damage    Failure   Level
 Shock                    Conj/Air       0%         1d3       73%         1
 Ozocubu's Armour         Ice            0%         N/A       97%         3
 Swiftness                Air            0%         N/A       97%         3
 Vhi's Electric Charge    Tloc/Air       0%         N/A       97%         3
 Airstrike                Air            0%         2d(0-16)  100%        4
 Arcjolt                  Conj/Air       0%         1d10      100%        5
 Metabolic Englaciation   Hex/Ice        0%         N/A       100%        5
 Simulacrum               Ice/Necr       0%         N/A       100%        6
 Maxwell's Capacitive Co  Air            0%         ∞         100%        8

Inventory:

Hand Weapons
 g - a +0 whip {mace}
   (You found it on level 1 of the Dungeon)
 h - a +0 dagger {short}
   (You took it off a kobold on level 1 of the Dungeon)
 k - a +0 hand axe {axe}
   (You found it on level 1 of the Dungeon)
 l - a +0 short sword {short}
   (You took it off a kobold on level 1 of the Dungeon)
 m - a +0 mace {mace}
   (You found it on level 1 of the Dungeon)
 n - a +0 club {mace}
   (You took it off a kobold on level 1 of the Dungeon)
 q - a +0 dagger {short}
   (You took it off a kobold on level 1 of the Dungeon)
 r - a +0 dagger {short}
   (You found it on level 1 of the Dungeon)
 u - a +0 club {mace}
   (You took it off a goblin on level 1 of the Dungeon)
Missiles
 e - 12 stones (quivered) {throwing}
 f - a throwing net {=f!fthrowing}
 o - 4 poisoned darts {throwing}
 s - 2 silver javelins {throwing}
Armour
 a - a +0 robe (worn)
 b - a +0 kite shield (worn)
 A - a +0 robe
   (You found it on level 3 of the Dungeon)
Scrolls
 d - 2 scrolls of teleportation {unknown}
 i - 3 scrolls of identify {unknown}
 v - 2 scrolls of torment {unknown}
 w - 2 scrolls of summoning {unknown}
 x - 2 scrolls of fear {unknown}
 y - 2 scrolls of immolation {unknown}
Potions
 c - a potion of might
 j - a potion of brilliance {unknown}
 p - 3 potions of curing {unknown}
 t - a potion of cancellation {unknown}
 z - a potion of haste {unknown}

Dungeon Overview and Level Annotations

Branches:
Dungeon (4/15) Zot: 22049
 Temple: D:4-7

Altars:

##.....#...<.##
##.............####
#.................##
#...............#..######
#........................
#...............#####....
#.......)....8.##...##.8.
#........)....##⌠....##..
##>....O@....###.._...##.
##......g..## #⌠......##
##..##<##.# ##.......#
#.....##.# .#####.†.'
#.##...#.# .....##..#
#.##...#.## .... #.##
#.###..#..##.. ###. #.#
##.....## ##.. #.#
#....8.## ##.8.


You could see an ogre and a gnoll.


Message History

No target in view!
Things that are here:
a +0 spear {polearm}; a gnoll corpse
Things that are here:
a +0 spear {polearm}; a gnoll corpse Danger!
A ball python is nearby!
The ball python hisses angrily.
There is an open door here.
You closely miss the ball python.
The ball python bites you but does no damage.
You claw the ball python!
You kill the ball python!
No target in view!
No target in view!
x - 2 scrolls labelled BEOCAG JIKKAGHUG (gained 1)
There is an open door here.
Done exploring.
Done exploring.
(D) Dungeon
Where to? (Enter - D:3, ? - help)
There is a stone staircase leading down here.
You climb downwards.
The ball python hisses angrily.
There is a stone staircase leading up here.
There are monsters nearby!
Unknown command.
Danger!
Unknown command.
The adder barely misses you.
You closely miss the adder. The adder closely misses you.
The adder bites you but does no damage.
You scratch the adder. The adder closely misses you.
You closely miss the adder. The adder bites you.
You closely miss the adder. The adder bites you.
You block the ball python's attack. The adder bites you but does no damage.
You scratch the adder but do no damage. You block the ball python's attack.
The adder bites you.
You closely miss the adder. The ball python barely misses you.
The adder misses you.
You barely miss the adder.
The ball python bites you but does no damage.
The adder bites you but does no damage. The ball python closely misses you.
You closely miss the adder. The adder bites you but does no damage.
The adder closely misses you.
The ball python bites you but does no damage.
You miss the adder. The adder closely misses you.
The ball python closely misses you.
You claw the adder!
You kill the adder!
You block the ball python's attack.
You closely miss the ball python. You block the ball python's attack.
The ball python bites you but does no damage.
You scratch the ball python.
You kill the ball python!
No target in view!
No target in view!
Your movement speed is average.
Your attack delay is about 1.0 (and is slowed by your shield).
Your damage rating with unarmed combat is about 18 (Base [9 + 4 (UC)] x 135% (Str) x 104% (Fight)).
Unknown command.
Unknown command.
p - 3 orange potions (gained 2)
A gnoll comes into view. It is wielding a +0 spear.
Danger!
A gnoll comes into view. It is wielding a +0 club.
The gnoll shouts!
A gnoll comes into view. It is wielding a +0 club.
You see here a glowing ruby potion.
An ogre comes into view. It is wielding a +0 giant spiked club.
The ogre shouts!
The gnoll hits you with a +0 spear.
Unknown command.
The gnoll hits you from afar with a +0 spear.
You see here a glowing ruby potion.
There is a stone staircase leading up here.
The gnoll hits you from afar with a +0 spear.
The gnoll closely misses you.
You climb upwards.
There is a stone staircase leading down here.
You claw the gnoll! You block the gnoll's attack.
You claw the gnoll!
You kill the gnoll!
No target in view!
You climb downwards.
You block the gnoll's attack.
There is a stone staircase leading up here.
Danger!
The gnoll hits you with a +0 club!
The ogre hits you with a +0 giant spiked club!!
Ouch! That really hurt!
* * * LOW HITPOINT WARNING * * *
You climb upwards.
There is a stone staircase leading down here.
Unknown command.
Unknown command.
You scratch the ogre. The gnoll hits you with a +0 club.
* * * LOW HITPOINT WARNING * * *
The ogre hits you with a +0 giant spiked club!!
Ouch! That really hurt!
You die...

Skill      XL: |  1  2  3  4 |
---------------+-------------+-----
Unarmed Combat | 3 4 |  4.1
Shields        | 3 |  3.1
Fighting       | |  2.8
Dodging        | |  2.8

Action                     |  1- 3 |  4- 6 || total
---------------------------+-------+-------++-------
  Melee: Unarmed           |    88 |    29 ||   117
 Armour: Robe              |    26 |    11 ||    37
  Dodge: Dodged            |    27 |    23 ||    50
  Block: Kite shield       |    33 |    20 ||    53

Levels and vault maps discovered:
D:1:      dpeg_arrival_erosion, layout_basic
D:2:      layout_rooms
D:3:      layout_rooms, nicolae_overflow_ecumenical_swirl, kennysheep_boxes
D:4:      layout_layer_cave, nicolae_dithmenos_the_darkroom,
          minmay_temple_entry_mini_moons

Notes
Turn   | Place    | Note
-------+----------+-------------------------------------------
     0 | D:1      | Sobieck the Troll Fighter began the quest for the Orb.
     0 | D:1      | Reached XP level 1. HP: 22/22 MP: 0/0
    80 | D:1      | You add the spells Vhi's Electric Charge, Arcjolt and
                  | Maxwell's Capacitive Coupling to your library.
   265 | D:1      | Reached XP level 2. HP: 29/29 MP: 1/1
   618 | D:1      | Reached skill level 3 in Unarmed Combat
   867 | D:2      | Reached XP level 3. HP: 34/36 MP: 2/2
   893 | D:2      | You fall into a shaft and drop 1 floor!
   980 | D:3      | You pick up a book of Winter and begin reading...
   980 | D:3      | You add the spells Ozocubu's Armour, Metabolic Englaciation
                  | and Simulacrum to your library.
  1150 | D:2      | You pick up a book of Air and begin reading...
  1150 | D:2      | You add the spells Shock, Swiftness and Airstrike to your
                  | library.
  1378 | D:3      | Reached XP level 4. HP: 44/44 MP: 3/3
  1546 | D:3      | Found a faded altar of an unknown god.
  1600 | D:3      | Reached skill level 3 in Shields
  1607 | D:3      | Reached skill level 4 in Unarmed Combat
  1915 | D:4      | Noticed an ogre
  1940 | D:4      | HP: 4/44 [ogre/+0 giant spiked club (33)]
  1942 | D:3      | Annihilated by an ogre

Vanquished Creatures
  3 adders
  5 gnolls (D:3)
  2 worms
  2 dart slugs
  An orc (D:3)
  6 bats
  3 endoplasms
  A giant cockroach (D:2)
  3 goblins
  5 hobgoblins
  A quokka (D:2)
  4 ball pythons
  A frilled lizard (D:3)
  7 kobolds
  3 rats
47 creatures vanquished.

Table legend:
 A = Non-vault XP
 B = Vault XP
 C = Vault XP percentage of total XP
 D = Non-vault monster count
 E = Vault monster count
 F = Vault count percentage of total count
                 A         B        C        D         E       F
            +---------+---------+-------+---------+---------+-------
      Total |     183 |       0 |   0.0 |      47 |       0 |   0.0
            +---------+---------+-------+---------+---------+-------
        D:1 |      23 |       0 |   0.0 |      13 |       0 |   0.0
        D:2 |      57 |       0 |   0.0 |      18 |       0 |   0.0
        D:3 |      88 |       0 |   0.0 |      14 |       0 |   0.0
        D:4 |      15 |       0 |   0.0 |       2 |       0 |   0.0
            +---------+---------+-------+---------+---------+-------

Skill      XL: |  1  2  3  4 |
---------------+-------------+-----
Unarmed Combat | 3 4 |  4.1
Shields        | 3 |  3.1
Fighting       | |  2.8
Dodging        | |  2.8

Action                     |  1- 3 |  4- 6 || total
---------------------------+-------+-------++-------
  Melee: Unarmed           |    88 |    29 ||   117
 Armour: Robe              |    26 |    11 ||    37
  Dodge: Dodged            |    27 |    23 ||    50
  Block: Kite shield       |    33 |    20 ||    53

Illustrated notes

Table legend:
 A = Kills in this place as a percentage of kills in the entire game.
 B = Kills by you in this place as a percentage of kills by you in the entire game.
 C = Kills by friends in this place as a percentage of kills by friends in the entire game.
 D = Other kills in this place as a percentage of other kills in the entire game.
 E = Experience gained in this place as a percentage of experience gained in the entire game.
 F = Experience gained in this place divided by the number of levels of this place that you have seen.
                   A       B       C       D       E      F
               +-------+-------+-------+-------+-------+----------------------
         Total | 100.0 | 100.0 |   N/A |   N/A | 100.0 |  45.8
       Dungeon | 100.0 | 100.0 |   N/A |   N/A | 100.0 |  45.8
               +-------+-------+-------+-------+-------+----------------------

Table legend: (Time is in decaauts)
 A = Elapsed time spent in this place.
 B = Non-inter-level travel time spent in this place.
 C = Inter-level travel time spent in this place.
 D = Time resting spent in this place.
 E = Time spent auto-exploring this place.
 F = Levels seen in this place.
 G = Mean time per level.
                   A        B        C        D        E       F      G
               +--------+--------+--------+--------+--------+-----+--------+
         Total |   1949 |   1826 |    123 |     11 |   1446 |   4 |  487.2 |
       Dungeon |   1949 |   1826 |    123 |     11 |   1446 |   4 |  487.2 |
               +--------+--------+--------+--------+--------+-----+--------+

Top non-repeatable levels by time:
     D:3: 709 daAuts
     D:1: 708 daAuts
     D:2: 471 daAuts
     D:4: 59 daAuts
